TOP OF THE 1ST |
Calgary Lynx batting - Pitching for Santa Barbara Golden Cranes : RHP Jimmy O'Flahavan
|
Pitching: RHP Jimmy O'Flahavan
|
|
Batting: LHB Cameron Woolever
|
0-0: Called Strike 0-1: SINGLE (Groundball, 34D, EV 101.2 MPH)
|
Batting: RHB Hani Azwan
|
0-0: Ball Cameron Woolever steals 2nd base 1-0: Ball 2-0: Ball 3-0: Called Strike 3-1: Base on Balls
|
Batting: RHB Igme Samson
|
0-0: Ball 1-0: Called Strike 1-1: Ground out 5-3 (Groundball, 56S, EV 66.9 MPH) Cameron Woolever to third Hani Azwan to second
|
Batting: LHB Henry Buckley
|
0-0: Called Strike 0-1: Ball 1-1: Foul Ball, location: 2F 1-2: Ball 2-2: Ball 3-2: SINGLE (Groundball, 34D, EV 103.1 MPH) Cameron Woolever scores Hani Azwan to third Runner from 3rd tries for Home, SAFE, no throw by RF
|
Batting: RHB Brad Hargrove
|
0-0: Ball 1-0: Fielders Choice at 2nd, 6-4 (Groundball, 6M, EV 108.1 MPH)
|
Batting: LHB Michael Ward
|
0-0: Called Strike Brad Hargrove steals 2nd, throwing error, E2 Brad Hargrove to third 0-1: SINGLE (Groundball, 34D, EV 100.0 MPH) Brad Hargrove scores
|
Batting: RHB David Stone
|
0-0: Swinging Strike 0-1: Swinging Strike 0-2: Foul Ball, location: 2F 0-2: Ball 1-2: Ball 2-2: Strikes out swinging
|
Top of the 1st over - 3 runs, 3 hits, 1 error, 1 left on base; Calgary 3 - Santa Barbara 0 |
BOTTOM OF THE 1ST |
Santa Barbara Golden Cranes batting - Pitching for Calgary Lynx : RHP José Guillén
|
Pitching: RHP José Guillén
|
|
Batting: RHB Mario van Heijbeeck
|
0-0: Ball 1-0: Foul Ball, location: 2F 1-1: Bunt missed! 1-2: SINGLE (Line Drive, 8LS, EV 90.6 MPH)
|
Batting: LHB Kyle Mullens
|
0-0: Foul Ball, location: 2F 0-1: Swinging Strike 0-2: Ball 1-2: Ball 2-2: Fly out, F9 (Line Drive, 9, EV 101.9 MPH)
|
Batting: RHB James Pike
|
0-0: Fielders Choice at 2nd, 4-6 (Groundball, 34, EV 80.6 MPH)
|
Batting: LHB Braxton Cottongame
|
0-0: Ball 1-0: Ball 2-0: Fly out, F9 (Flyball, 9LS, EV 91.9 MPH)
|
Bottom of the 1st over - 0 runs, 1 hit, 0 errors, 1 left on base; Calgary 3 - Santa Barbara 0 |
TOP OF THE 2ND |
Calgary Lynx batting - Pitching for Santa Barbara Golden Cranes : RHP Jimmy O'Flahavan
|
Batting: RHB Gabriel Hernández
|
0-0: Ball 1-0: Called Strike 1-1: Ground out 4-3 (Groundball, 4, EV 83.8 MPH)
|
Batting: RHB Kevin Malone
|
0-0: Foul Ball, location: 2F 0-1: Ball 1-1: Ball 2-1: Foul Ball, location: 2F 2-2: Foul Ball, location: 2F 2-2: Ball 3-2: DOUBLE (Flyball, 89D, EV 104.4 MPH)
|
Batting: LHB Cameron Woolever
|
0-0: Ball 1-0: SINGLE (Line Drive, 6MD, EV 96.9 MPH) Kevin Malone to third
|
Batting: RHB Hani Azwan
|
0-0: Ball 1-0: Called Strike 1-1: Ball 2-1: Grounds into double play, 5-4-3 (Groundball, 56, EV 106.9 MPH)
|
Top of the 2nd over - 0 runs, 2 hits, 0 errors, 1 left on base; Calgary 3 - Santa Barbara 0 |
BOTTOM OF THE 2ND |
Santa Barbara Golden Cranes batting - Pitching for Calgary Lynx : RHP José Guillén
|
Batting: RHB Sherman N'Dir
|
0-0: Ground out 5-3 (Groundball, 56S, EV 70.6 MPH)
|
Batting: LHB Juan Ramírez
|
0-0: Ball 1-0: Fly out, F8 (Flyball, 78D, EV 95.0 MPH)
|
Batting: RHB Ed St. James
|
0-0: Called Strike 0-1: Foul Ball, location: 2F 0-2: Ball 1-2: Ball 2-2: Ball 3-2: Fly out, F8 (Flyball, 78D, EV 91.2 MPH)
|
Bottom of the 2nd over - 0 runs, 0 hits, 0 errors, 0 left on base; Calgary 3 - Santa Barbara 0 |
TOP OF THE 3RD |
Calgary Lynx batting - Pitching for Santa Barbara Golden Cranes : RHP Jimmy O'Flahavan
|
Batting: RHB Igme Samson
|
0-0: Called Strike 0-1: Ball 1-1: Ball 2-1: Ground out 5-3 (Groundball, 5L, EV 102.5 MPH)
|
Batting: LHB Henry Buckley
|
0-0: Ball 1-0: Ball 2-0: Ball 3-0: Base on Balls
|
Batting: RHB Brad Hargrove
|
0-0: Called Strike 0-1: Ball 1-1: Ball 2-1: Foul Ball, location: 2F 2-2: Fielders Choice at 2nd, 3-6 (Groundball, 34S, EV 81.9 MPH)
|
Batting: LHB Michael Ward
|
0-0: Ball 1-0: SINGLE (Line Drive, 9S, EV 90.0 MPH) Brad Hargrove to second Runner from 2nd tries for 3rd, OUT! 9-5
|
Top of the 3rd over - 0 runs, 1 hit, 0 errors, 1 left on base; Calgary 3 - Santa Barbara 0 |
BOTTOM OF THE 3RD |
Santa Barbara Golden Cranes batting - Pitching for Calgary Lynx : RHP José Guillén
|
Batting: RHB Ronald Comejo
|
0-0: Ground out U3 (Groundball, 3S, EV 76.9 MPH)
|
Batting: RHB Juan Ibarra
|
0-0: Fly out, F7 (Flyball, 7, EV 80.6 MPH)
|
Batting: RHB Mario van Heijbeeck
|
0-0: Ball 1-0: Ground out U3 (Groundball, 34, EV 90.6 MPH)
|
Bottom of the 3rd over - 0 runs, 0 hits, 0 errors, 0 left on base; Calgary 3 - Santa Barbara 0 |
TOP OF THE 4TH |
Calgary Lynx batting - Pitching for Santa Barbara Golden Cranes : RHP Jimmy O'Flahavan
|
Batting: RHB David Stone
|
0-0: Called Strike 0-1: Ball 1-1: Ball 2-1: Foul Ball, location: 2F 2-2: Ball 3-2: Ground out 1-3 (Groundball, 34S, EV 80.6 MPH)
|
Batting: RHB Gabriel Hernández
|
0-0: Ball 1-0: Ball 2-0: Foul Ball, location: 2F 2-1: Called Strike 2-2: Strikes out swinging
|
Batting: RHB Kevin Malone
|
0-0: Ball 1-0: Foul Ball, location: 2F 1-1: Called Strike 1-2: Ball 2-2: Ground out 6-3 (Groundball, 56, EV 90.6 MPH)
|
Top of the 4th over - 0 runs, 0 hits, 0 errors, 0 left on base; Calgary 3 - Santa Barbara 0 |
BOTTOM OF THE 4TH |
Santa Barbara Golden Cranes batting - Pitching for Calgary Lynx : RHP José Guillén
|
Batting: LHB Kyle Mullens
|
0-0: Called Strike 0-1: Ball 1-1: Called Strike 1-2: Ball 2-2: Ground out 5-3 (Groundball, 5, EV 83.1 MPH)
|
Batting: RHB James Pike
|
0-0: Fly out, F8 (Line Drive, 8RM, EV 94.4 MPH)
|
Batting: LHB Braxton Cottongame
|
0-0: Fly out, F8 (Flyball, 8RD, EV 99.4 MPH)
|
Bottom of the 4th over - 0 runs, 0 hits, 0 errors, 0 left on base; Calgary 3 - Santa Barbara 0 |
TOP OF THE 5TH |
Calgary Lynx batting - Pitching for Santa Barbara Golden Cranes : RHP Jimmy O'Flahavan
|
Batting: LHB Cameron Woolever
|
0-0: Called Strike 0-1: Ball 1-1: Foul Ball, location: 2F 1-2: Ball 2-2: SINGLE (Flyball, 9S, EV 87.5 MPH)
|
Batting: RHB Hani Azwan
|
0-0: Ball Cameron Woolever steals 2nd base (no throw) 1-0: Ball 2-0: Ball 3-0: Base on Balls
|
Batting: RHB Igme Samson
|
0-0: Ball Cameron Woolever is caught stealing 3rd base 2-5 Hani Azwan to second 1-0: Fly out, F9 (Flyball, 9D, EV 100.0 MPH) Runner from 2nd tags up, SAFE at 3rd, no throw by RF
|
Batting: LHB Henry Buckley
|
0-0: Called Strike 0-1: Ball 1-1: Swinging Strike 1-2: Ball 2-2: Ball 3-2: 2-RUN HOME RUN (Flyball, 89XD, EV 89.4 MPH), Distance : 393 ft
|
Batting: RHB Brad Hargrove
|
0-0: Foul Ball, location: 2F 0-1: Ball 1-1: Fly out, F9 (Flyball, 9LS, EV 80.0 MPH)
|
Top of the 5th over - 2 runs, 2 hits, 0 errors, 0 left on base; Calgary 5 - Santa Barbara 0 |
BOTTOM OF THE 5TH |
Santa Barbara Golden Cranes batting - Pitching for Calgary Lynx : RHP José Guillén
|
Batting: RHB Sherman N'Dir
|
0-0: Ball 1-0: Foul Ball, location: 2F 1-1: Foul Ball, location: 2F 1-2: SINGLE (Line Drive, 4MD, EV 98.8 MPH)
|
Batting: LHB Juan Ramírez
|
0-0: Called Strike 0-1: Ball 1-1: Ball 2-1: Swinging Strike 2-2: Fielders Choice at 2nd, 1-6 (Groundball, 34S, EV 90.0 MPH)
|
Batting: RHB Ed St. James
|
0-0: Called Strike 0-1: Swinging Strike 0-2: Ball 1-2: Ball 2-2: Strikes out swinging
|
Batting: RHB Ronald Comejo
|
0-0: Ball 1-0: Ball 2-0: Foul Ball, location: 2F 2-1: Ball 3-1: Fielders Choice at 2nd, 5-4 (Groundball, 56, EV 101.2 MPH)
|
Bottom of the 5th over - 0 runs, 1 hit, 0 errors, 1 left on base; Calgary 5 - Santa Barbara 0 |
TOP OF THE 6TH |
Calgary Lynx batting - Pitching for Santa Barbara Golden Cranes : RHP Jimmy O'Flahavan
|
Batting: LHB Michael Ward
|
0-0: Called Strike 0-1: Ball 1-1: Ball 2-1: Called Strike 2-2: Fly out, F9 (Flyball, 89S, EV 73.1 MPH)
|
Batting: RHB David Stone
|
0-0: Hit by Pitch
|
Pinch Runner at 1st Sergio Cruz:
|
|
Batting: RHB Gabriel Hernández
|
0-0: Ball 1-0: Called Strike 1-1: Swinging Strike 1-2: SINGLE (Line Drive, 34D, EV 99.4 MPH) Sergio Cruz to second Runner from 2nd tries for 3rd, SAFE, throw by RF made to third
|
Pitching: RHP Dino Moonglampers
|
|
Batting: RHB Kevin Malone
|
0-0: Called Strike 0-1: SINGLE (Groundball, 6MD, EV 96.2 MPH) Sergio Cruz scores Gabriel Hernández to second
|
Batting: LHB Cameron Woolever
|
0-0: Ball 1-0: Called Strike 1-1: Foul Ball, location: 2F 1-2: Foul Ball, location: 2F 1-2: Ball 2-2: Fielders Choice at 2nd, 2-6 (Groundball, 2R, EV 64.4 MPH) Gabriel Hernández to third
|
Batting: RHB Hani Azwan
|
0-0: Fly out, F8 (Flyball, 89XD, EV 94.4 MPH)
|
Top of the 6th over - 1 run, 2 hits, 0 errors, 2 left on base; Calgary 6 - Santa Barbara 0 |
BOTTOM OF THE 6TH |
Santa Barbara Golden Cranes batting - Pitching for Calgary Lynx : RHP José Guillén
|
Now at SS: Phil van Oosterom
|
|
Batting: RHB Juan Ibarra
|
0-0: SINGLE (Groundball, 56D, EV 105.0 MPH)
|
Batting: RHB Mario van Heijbeeck
|
0-0: Fly out, F8 (Flyball, 8LM, EV 75.6 MPH)
|
Batting: LHB Kyle Mullens
|
0-0: Ball 1-0: Ball 2-0: Called Strike 2-1: Ball 3-1: Foul Ball, location: 2F 3-2: SINGLE (Groundball, 56D, EV 101.2 MPH) Juan Ibarra to second
|
Batting: RHB James Pike
|
0-0: Called Strike 0-1: Swinging Strike 0-2: Fielders Choice at 2nd, 6-4 (Groundball, 6, EV 96.2 MPH) Juan Ibarra to third
|
Batting: LHB Braxton Cottongame
|
0-0: Swinging Strike 0-1: SINGLE (Line Drive, 7S, EV 99.4 MPH) Juan Ibarra scores James Pike to second
|
Batting: RHB Sherman N'Dir
|
0-0: Called Strike 0-1: Swinging Strike 0-2: Ball 1-2: Ball 2-2: Strikes out swinging
|
Bottom of the 6th over - 1 run, 3 hits, 0 errors, 2 left on base; Calgary 6 - Santa Barbara 1 |
TOP OF THE 7TH |
Calgary Lynx batting - Pitching for Santa Barbara Golden Cranes : RHP Dino Moonglampers
|
Batting: RHB Igme Samson
|
0-0: Foul Ball, location: 2F 0-1: Fly out, F6 (Popup, 6MD, EV 50.6 MPH)
|
Batting: LHB Henry Buckley
|
0-0: Called Strike 0-1: Ball 1-1: DOUBLE (Flyball, 9LD, EV 85.6 MPH)
|
Batting: RHB Brad Hargrove
|
0-0: Ball 1-0: Ball 2-0: Ground out 6-3 (Groundball, 6, EV 89.4 MPH)
|
Batting: LHB Michael Ward
|
0-0: Fly out, F5 (Popup, 56S, EV 82.5 MPH)
|
Top of the 7th over - 0 runs, 1 hit, 0 errors, 1 left on base; Calgary 6 - Santa Barbara 1 |
BOTTOM OF THE 7TH |
Santa Barbara Golden Cranes batting - Pitching for Calgary Lynx : RHP José Guillén
|
Batting: LHB Juan Ramírez
|
0-0: Ball 1-0: Foul Ball, location: 2F 1-1: Foul Ball, location: 2F 1-2: Strikes out swinging
|
Batting: RHB Ed St. James
|
0-0: Ball 1-0: SINGLE (Line Drive, 9S, EV 111.2 MPH)
|
Batting: RHB Ronald Comejo
|
0-0: Called Strike 0-1: Foul Ball, location: 2F 0-2: Foul Ball, location: 2F 0-2: Ball 1-2: Foul Ball, location: 2F 1-2: Fly out, F2 (Popup, 25F, EV 85.0 MPH)
|
Batting: RHB Juan Ibarra
|
0-0: SINGLE (Groundball, 34, EV 82.5 MPH) (infield hit) Ed St. James to second
|
Batting: RHB Mario van Heijbeeck
|
0-0: Called Strike 0-1: Ball 1-1: Foul Ball, location: 2F 1-2: Foul Ball, location: 2F 1-2: Ball 2-2: Fielders Choice at 2nd, 6-4 (Groundball, 6, EV 83.8 MPH)
|
Bottom of the 7th over - 0 runs, 2 hits, 0 errors, 2 left on base; Calgary 6 - Santa Barbara 1 |
TOP OF THE 8TH |
Calgary Lynx batting - Pitching for Santa Barbara Golden Cranes : RHP Dino Moonglampers
|
Batting: RHB Phil van Oosterom
|
0-0: Ball 1-0: Called Strike 1-1: Ball 2-1: Swinging Strike 2-2: Ball 3-2: Base on Balls
|
Pitching: LHP Rust Cohle
|
|
Batting: RHB Gabriel Hernández
|
0-0: Called Strike 0-1: Ball 1-1: Fly out, F9 (Flyball, 89M, EV 86.9 MPH)
|
Batting: RHB Kevin Malone
|
0-0: Called Strike 0-1: Swinging Strike 0-2: Ball 1-2: Ball 2-2: Fly out, F6 (Popup, P, EV 76.9 MPH)
|
Batting: LHB Cameron Woolever
|
0-0: Called Strike 0-1: Ball 1-1: SINGLE (Groundball, 34S, EV 88.8 MPH) (infield hit) Phil van Oosterom to second
|
Batting: RHB Hani Azwan
|
0-0: Called Strike 0-1: Fly out, F8 (Flyball, 8LD, EV 100.6 MPH)
|
Top of the 8th over - 0 runs, 1 hit, 0 errors, 2 left on base; Calgary 6 - Santa Barbara 1 |
BOTTOM OF THE 8TH |
Santa Barbara Golden Cranes batting - Pitching for Calgary Lynx : RHP José Guillén
|
Batting: LHB Kyle Mullens
|
0-0: Ball 1-0: Ground out 3-1 (Groundball, 34, EV 88.1 MPH)
|
Batting: RHB James Pike
|
0-0: Ball 1-0: Foul Ball, location: 2F 1-1: Fly out, F7 (Flyball, 78D, EV 106.9 MPH)
|
Batting: LHB Braxton Cottongame
|
0-0: Called Strike 0-1: Foul Ball, location: 2F 0-2: Ball 1-2: Ball 2-2: Foul Ball, location: 2F 2-2: Foul Ball, location: 2F 2-2: Ball 3-2: Strikes out looking
|
Bottom of the 8th over - 0 runs, 0 hits, 0 errors, 0 left on base; Calgary 6 - Santa Barbara 1 |
TOP OF THE 9TH |
Calgary Lynx batting - Pitching for Santa Barbara Golden Cranes : LHP Rust Cohle
|
Batting: RHB Igme Samson
|
0-0: Swinging Strike 0-1: Called Strike 0-2: Strikes out looking
|
Batting: LHB Henry Buckley
|
0-0: DOUBLE (Line Drive, 7LD, EV 101.9 MPH)
|
Batting: RHB Brad Hargrove
|
0-0: Ground out 4-3 (Groundball, 4, EV 91.2 MPH) Henry Buckley to third
|
Batting: LHB Michael Ward
|
0-0: Ball 1-0: Foul Ball, location: 2F 1-1: Ball 2-1: Foul Ball, location: 2F 2-2: Ground out 1-3 (Groundball, 13, EV 83.1 MPH)
|
Top of the 9th over - 0 runs, 1 hit, 0 errors, 1 left on base; Calgary 6 - Santa Barbara 1 |
BOTTOM OF THE 9TH |
Santa Barbara Golden Cranes batting - Pitching for Calgary Lynx : RHP José Guillén
|
Pitching: RHP Jesús Hernández
|
|
Batting: RHB Sherman N'Dir
|
0-0: Swinging Strike 0-1: Ball 1-1: Ball 2-1: SINGLE (Groundball, 56S, EV 72.5 MPH) (infield hit)
|
Batting: LHB Juan Ramírez
|
0-0: Ball 1-0: Fly out, F9 (Flyball, 9LM, EV 95.6 MPH)
|
Batting: RHB Ed St. James
|
0-0: Ball 1-0: Called Strike 1-1: Fly out, F9 (Flyball, 89S, EV 84.4 MPH)
|
Batting: RHB Ronald Comejo
|
0-0: Called Strike 0-1: Called Strike 0-2: Ball 1-2: Foul Ball, location: 2F 1-2: Foul Ball, location: 2F 1-2: Ball 2-2: Foul Ball, location: 2F 2-2: Ball Wild Pitch! Sherman N'Dir to second 3-2: Strikes out swinging
|
Bottom of the 9th over - 0 runs, 1 hit, 0 errors, 1 left on base; Calgary 6 - Santa Barbara 1 |
|